 Dungeon Crawl Stone Soup version 0.28.0-53-g5a82cb258f (webtiles) character file.

Game seed: 5230054512293505719

5 Str4fe the Insei (level 1, -2/15 HPs)
             Began as a Demigod Transmuter on July 18, 2022.
             Slain by a kobold
             ... wielding a +0 club
              (4 damage)
             ... on level 1 of the Dungeon.
             The game lasted 00:05:19 (181 turns).

Str4fe the Insei (Demigod Transmuter)                Turns: 181, Time: 00:05:19

Health: -2/15      AC:  3    Str: 11    XL:     1   Next: 53%
Magic:  5/5        EV: 11    Int: 15    God:
Gold:   23         SH:  0    Dex: 14    Spells: 2/3 levels left

rFire   . . .      SeeInvis .   d - +0 hunting sling
rCold   . . .      Faith    .   (no shield)
rNeg    . . .      Spirit   .   c - +0 leather armour
rPois   .          Reflect  .   (no helmet)
rElec   .          Harm     .   (no cloak)
rCorr   .          Rampage  .   (no gloves)
Will    .....                   (no boots)
Stlth   +.........              (no amulet)
HPRegen 0.05/turn               (no ring)
MPRegen 0.09/turn               (no ring)

@: no status effects
A: high MP 1, forlorn, divine attributes
a: no special abilities


You were on level 1 of the Dungeon.
You visited 1 branch of the dungeon, and saw 1 of its levels.

You collected 23 gold pieces.

Inventory:

Hand Weapons
 d - a +0 hunting sling (weapon)
Armour
 c - a +0 leather armour (worn)


   Skills:
 + Level 0.8 Fighting
 + Level 1.9 Dodging
 + Level 2.9 Unarmed Combat
 + Level 1.8 Spellcasting
 + Level 1.8 Transmutations


You had 2 spell levels left.
You knew the following spells:

 Your Spells              Type           Power      Damage    Failure   Level
a - Beastly Appendage     Tmut           12%        N/A       14%         1

Your spell library contained the following spells:

 Spells                   Type           Power      Damage    Failure   Level
 Wereblood                Tmut           6%         N/A       22%         2
 Spider Form              Tmut/Pois      4%         N/A       52%         3
 Ice Form                 Ice/Tmut       4%         N/A       90%         4


Dungeon Overview and Level Annotations

Branches:
Dungeon (1/15)

Portals:
Abyss: D:1***


Innate Abilities, Weirdness & Mutations

You have an increased reservoir of magic. (+10% MP)
You shall have no god before yourself.
Your divine heritage dramatically boosts your attributes as you level up.


Message History

[Y]es or [N]o only, please.
Really attack while wielding your +0 hunting sling?
You barely miss the kobold. The quokka closely misses you.
The kobold hits you but does no damage.
The kobold throws a stone.
The stone barely misses you. The quokka barely misses you.
You clumsily bash the quokka but do no damage.
You punch the quokka.
The quokka is almost dead.
The quokka closely misses you. The kobold closely misses you. x2
The quokka closely misses you.
The kobold throws a stone.
The stone hits you.
You barely miss the quokka.
The quokka is almost dead.
The quokka misses you. The kobold closely misses you.
The kobold throws a stone.
The stone misses you. The quokka closely misses you.
You barely miss the quokka.
The quokka is almost dead.
The kobold hits you but does no damage. The quokka bites you.
An endoplasm comes into view.
The kobold hits you with a +0 dagger. The quokka barely misses you.
The endoplasm quivers.
You clumsily bash the quokka but do no damage.
The quokka is almost dead.
The kobold misses you. The quokka closely misses you.
The kobold hits you but does no damage.
You closely miss the quokka.
The quokka is almost dead.
The quokka bites you. The kobold hits you but does no damage.
The kobold barely misses you. The quokka bites you.
* * * LOW HITPOINT WARNING * * *
The kobold hits you but does no damage. The kobold misses you.
You clumsily bash the kobold but do no damage.
The quokka closely misses you. The kobold barely misses you.
The kobold hits you but does no damage. The quokka closely misses you.
You closely miss the quokka.
The quokka is almost dead.
The quokka bites you but does no damage.
The kobold barely misses you. The kobold hits you with a +0 dagger.
* * * LOW HITPOINT WARNING * * *
The kobold hits you with a +0 club.
You die...

#...........
#.........#### #..........
#.............
.........####.............
#........................
#..............######....
. #..............# #....
..#####............# #....
...........JK......# ###..
...........r@####### #..
.......$...K.# ###..
.............# #....
.............# ####.#..
.............# ........
.............# .######.
.............# ##
...$.........# #
.............#


You could see an endoplasm, a quokka and 2 kobolds.

Vanquished Creatures
  An endoplasm (D:1)
  A quokka (D:1)
  2 ball pythons (D:1)
  A frilled lizard (D:1)
  A kobold (D:1)
6 creatures vanquished.

Notes
Turn   | Place    | Note
-------+----------+-------------------------------------------
     0 | D:1      | Str4fe the Demigod Transmuter began the quest for the Orb.
     0 | D:1      | Reached XP level 1. HP: 15/15 MP: 5/5
   181 | D:1      | Slain by a kobold

Illustrated notes

Levels and vault maps discovered:
D:1:      minmay_arrival_glassed_features, layout_basic,
          hellmonk_ecumenical_altar_heavens_door,
          amcnicky_mini_corridor_feature, minmay_misc_feat_room,
          supply_closet_lemuel, grunt_decor_cap, minmay_cupped

Action                   || total
-------------------------++-------
Melee: Unarmed           ||    11
       Hunting sling     ||     8
       Dagger            ||     3
       Punch             ||     1
  Use: Potion            ||     2
       Scroll            ||     1
 Stab: Sleeping          ||     1
Armor: Leather armour    ||     8
       Robe              ||     1
Dodge: Dodged            ||    29
